 Dungeon Crawl Stone Soup version bcrawl-1.21.3-16-g7f46a08de7 (webtiles) character file.

Game seed: 1580909762208079500

90 Chiseanne the Sneak (level 4, -5/21 HPs)
             Began as a Spriggan Archaeologist on May 4, 2020.
             Slain by a gnoll
             ... wielding a +0 flail
              (16 damage)
             ... on level 3 of the Dungeon.
             The game lasted 00:05:49 (2643 turns).

Chiseanne the Sneak (Spriggan Archaeologist)        Turns: 2643, Time: 00:05:50

Health: -5/21      AC:  5    Str:  7    XL:     4   Next: 32%
Magic:  5/5        EV: 21    Int: 15    God:
Gold:   91         SH:  0    Dex: 15    Spells: 3/3 levels left

rFire    . . .     SeeInvis +   a - +0 rapier
rCold    . . .     Gourm    .   (shield restricted)
rNeg     . . .     Faith    .   b - +1 robe
rPois    .         Spirit   .   c - +1 hat
rElec    .         Reflect  .   o - +0 cloak
rCorr    .         Harm     .   (gloves unavailable)
MR       .....                  (boots unavailable)
Stlth    +++.......             (no amulet)
HPRegen  0.07/turn              (no ring)
MPRegen  0.09/turn              (no ring)

@: very quick
A: very small, unfitting armour, see invisible, herbivore, speed 3, slow
metabolism 2
a: no special abilities


You were on level 3 of the Dungeon.
You were not hungry.

You visited 1 branch of the dungeon, and saw 3 of its levels.

You collected 91 gold pieces.

Inventory:

Hand Weapons
 a - a +0 rapier (weapon)
Missiles
 p - 616 stones
 s - 71 poisoned needles
 v - 294 arrows
 x - 85 bolts
 y - 277 sling bullets
 A - 127 tomahawks (quivered)
Armour
 b - a +1 robe (worn)
 c - a +1 hat (worn)
 o - a +0 cloak (worn)
Jewellery
 u - an uncursed ring of see invisible {unknown}
Scrolls
 g - 4 scrolls of magic mapping
 h - 2 scrolls of identify {unknown}
 i - 4 scrolls of remove curse {unknown}
 j - 4 scrolls of enchant armour {unknown}
 k - 2 scrolls of teleportation {unknown}
 m - 2 scrolls of fear {unknown}
 n - a scroll of immolation {unknown}
Potions
 d - a potion of heal wounds
 l - a potion of haste {unknown}
 q - a potion of agility {unknown}
 r - 2 potions of invisibility {unknown}
 t - a potion of might {unknown}
 w - 2 potions of curing {unknown}
 z - a potion of resistance {unknown}
Miscellaneous
 f - a dusty tome
Comestibles
 e - 7 rations {!d}


   Skills:
 - Level 0.7 Fighting
 * Level 0.8 Short Blades
   Level 0.6 Maces & Flails
 * Level 6.1 Dodging
 * Level 6.6 Stealth


You had 3 spell levels left.
You didn't know any spells.
Your spell library was empty.

Dungeon Overview and Level Annotations

Branches:
Dungeon (3/12)

Altars:
Dithmenos


Innate Abilities, Weirdness & Mutations

You are very small and have problems with some larger weapons.
You are too small for most types of armour.
You have supernaturally acute eyesight. (SInv)
You are a herbivore.
You cover ground extremely quickly.
You need to consume almost no food.


Message History

The gnoll is heavily wounded.
The gnoll closely misses you.
You hit the gnoll.
The gnoll is almost dead.
The gnoll completely misses you. The gnoll misses you.
You hit the gnoll.
You kill the gnoll!
You barely miss the gnoll. The gnoll barely misses you.
You barely miss the gnoll. The gnoll hits you but does no damage.
You hit the gnoll.
The gnoll is moderately wounded.
The gnoll completely misses you.
You hit the gnoll.
The gnoll is heavily wounded.
The gnoll hits you with a +0 flail!
You closely miss the gnoll.
The gnoll is heavily wounded.
The gnoll hits you with a +0 flail!
Ouch! That really hurt!
You die...

##.# #[# #.# #.# #.# #..# .>.#
#)###'###.###'###..#### ####
#.'.............'.....##
########.###'###.###'###..###.###
....>....# #.# #.# #.# #..# ##..#
.........# #.###.###.# #..# ##.#
≈...###..# #...'g'...# #.## #.#
≈≈..###..# #####g##### #.# ##.#
.....###.# #@# #.## #..# .....#
#.#######'#######..###.#.# .....#
#.............)...#..<##.# .....#
##.##.##)...########.##... ....≈#
#........### #<##... ...≈⌠#
########.# #.##... ....≈# #.#
###...... .....## #.# #........
...)..# #.# ##.#).....


You could see 2 gnolls.

Vanquished Creatures
  2 gnolls (D:3)
  An ooze (D:3)
  An adder skeleton (D:2)
  A dart slug (D:2)
  4 leopard geckos
  11 orcs (D:3)
  2 bats (D:3)
  A giant cockroach (D:2)
  2 goblins
  3 hobgoblins
  2 jackals (D:3)
  3 frilled lizards (D:1)
  10 kobolds
  4 rats
47 creatures vanquished.

Notes
Turn   | Place    | Note
-------+----------+-------------------------------------------
     0 | D:1      | Chiseanne the Spriggan Archaeologist began the quest for
                  | the Orb.
     0 | D:1      | Reached XP level 1. HP: 9/9 MP: 2/2
   188 | D:2      | Reached skill level 5 in Stealth
   379 | D:1      | Reached XP level 2. HP: 14/14 MP: 3/3
   470 | D:2      | Reached skill level 5 in Dodging
  1257 | D:3      | Reached XP level 3. HP: 16/17 MP: 4/4
  2331 | D:3      | Found a shadowy altar of Dithmenos.
  2365 | D:3      | Reached XP level 4. HP: 16/21 MP: 5/5
  2643 | D:3      | Slain by a gnoll

Skill      XL: |  1  2  3  4 |
---------------+-------------+-----
Stealth        | 5 6 |  6.6
Dodging        | 5 6 |  6.1
Fighting       | |  0.7
Short Blades   | |  0.8
Maces & Flails | |  0.6

Action                   |  1- 3 |  4- 6 || total
-------------------------+-------+-------++-------
Melee: Whip              |   104 |       ||   104
       Short sword       |    96 |       ||    96
       Rapier            |    43 |    25 ||    68
Throw: Tomahawk          |       |     5 ||     5
  Use: Scroll            |     1 |       ||     1
       Potion            |     1 |       ||     1
 Stab: Sleeping          |     8 |       ||     8
Armor: Robe              |    26 |     2 ||    28
Dodge: Dodged            |   209 |    30 ||   239
